 Dungeon Crawl Stone Soup version 0.29-a0-824-gd827844252 (webtiles) character file.

Game seed: 3413188010735925238

1547 coolguy69 the Cutter (level 8, -2/42 HPs)
             Began as a Vine Stalker Berserker on July 10, 2022.
             Was a Priest of Trog.
             Slain by a kobold brigand
             ... wielding a +1 rapier of venom
              (7 damage)
             ... on level 5 of the Dungeon.
             The game lasted 00:05:45 (4393 turns).

coolguy69 the Cutter (Vine Stalker Berserker)       Turns: 4393, Time: 00:05:46

Health: -2/42      AC:  8    Str: 21    XL:     8   Next: 87%
Magic:  0/9        EV: 11    Int:  9    God:    Trog [***...]
Gold:   194        SH:  3    Dex: 15    Spells: 7/7 levels left

rFire   + . .      SeeInvis .   o - +3 dagger
rCold   . . .      Faith    .   m - +0 buckler of the Eternal Void {Int+2}
rNeg    . . .      Spirit   +   e - +0 ring mail
rPois   .          Reflect  .   h - +0 helmet
rElec   .          Harm     .   (no cloak)
rCorr   .          Rampage  .   r - +0 pair of gloves
Will    +++..                   (no boots)
Stlth   +.........              (no amulet)
HPRegen 1.94/turn               b - ring of protection from fire
MPRegen 0.11/turn               (no ring)

@: strong-willed, on berserk cooldown, regenerating, slowed, invisible, very
slow
A: fangs 3, regeneration 1, magic shield, antimagic bite, no potion heal 2
a: Renounce Religion, Berserk, Trog's Hand


You were on level 5 of the Dungeon.
You worshipped Trog.
Trog was most pleased with you.
You visited 1 branch of the dungeon, and saw 5 of its levels.
You visited the Abyss 1 time.

You collected 194 gold pieces.

Inventory:

Hand Weapons
 o - a +3 dagger (weapon)
Armour
 e - a +0 ring mail (worn)
 h - a +0 helmet (worn)
 m - the +0 buckler of the Eternal Void (worn) {Int+2}
   (You acquired it on level 4 of the Dungeon)

   Int:       It affects your intelligence (+2).
 r - a +0 pair of gloves (worn)
Jewellery
 b - a ring of protection from fire (left hand)
 k - an amulet of faith
 l - a ring of flight
Wands
 i - a wand of roots (11)
 n - a wand of flame (1)
Scrolls
 c - a scroll of enchant weapon
 g - a scroll of noise
 p - a scroll of silence
Potions
 a - a potion of attraction {unknown}
 f - 2 potions of invisibility
 j - a potion of flight


   Skills:
 + Level 4.9 Fighting
 * Level 7.3 Short Blades
 + Level 5.4 Armour
 - Level 1.6 Dodging


You had 7 spell levels left.
You didn't know any spells.
Your spell library was empty.

Dungeon Overview and Level Annotations

Branches:
Dungeon (5/15)             Temple (0/1) D:4

Altars:
Makhleb
Vehumet

Portals:
Sewer: D:4

Annotations:
D:5 masada555's ghost, amateur MiFi


Innate Abilities, Weirdness & Mutations

You have razor-sharp teeth.
Your natural rate of healing is unusually fast.
When hurt, damage is shared between your health and your magic reserves.
Your bite disrupts and absorbs the magic of your enemies.
Potions cannot restore your health.


Message History

The kobold hits you with a +1 short sword of distortion.
* * * LOW HITPOINT WARNING * * *
Space warps horribly around you!
* * * LOW HITPOINT WARNING * * *
The kobold brigand throws a curare-tipped dart.
The curare-tipped dart closely misses the kobold.
The curare-tipped dart barely misses you.
You block the kobold's attack. The kobold closely misses you.
You catch the helpless kobold completely off-guard!
You puncture the kobold!
You kill the kobold!
Trog accepts your kill.
Unknown command.
You catch the helpless kobold brigand completely off-guard!
You puncture the kobold brigand! Your bite misses the kobold brigand.
The kobold brigand is heavily wounded.
You hit the kobold brigand.
The kobold brigand is severely wounded.
The kobold brigand barely misses you.
You hit the kobold brigand.
The kobold brigand is severely wounded.
The kobold hits you with a +0 dagger.
The kobold brigand hits you but does no damage.
You hit the kobold brigand but do no damage.
Your bite misses the kobold brigand.
The kobold brigand is severely wounded.
The kobold barely misses you.
The kobold brigand hits you with a +1 rapier of venom.
* * * LOW HITPOINT WARNING * * *
You are lethally poisoned!
Your system rejects the healing.
You feel better. The kobold barely misses you.
You block the kobold brigand's attack. The kobold hits you with a +0 dagger.
* * * LOW HITPOINT WARNING * * *
The kobold brigand barely misses you.
Unknown command.
Your skin crawls.
You feel strong-willed. You block the kobold's attack.
The kobold brigand hits you with a +1 rapier of venom!
You die...

..#..........'...#####
..#..........#..##.⌠.##
..#..........#..#.#.#.##
##############..'..#...#
#..'.....?# #.KK..#..$#
#KW#K#.#.## ##K##K⌠.##
#K@##### ####


You could see a kobold brigand (unable to see you), masada555's ghost (unable to
see you) and 6 kobolds.

Vanquished Creatures
  A thrashing horror (Abyss:1)
  An ice beast (D:5)
  An ogre (D:5)
  2 centaurs (D:5)
  A phantom (D:4)
  2 necrophages (D:4)
  A scorpion (D:5)
  A small abomination (Abyss:1)
  A crimson imp (D:5)
  2 hounds (D:5)
  An orc priest (D:4)
  An orc wizard (D:4)
  3 iguanas
  4 adders
  A white imp (D:4)
  A dart slug (D:2)
  8 orcs
  7 ball pythons
  5 endoplasms
  7 giant cockroaches
  6 goblins
  3 hobgoblins
  8 quokkas
  5 bats
  A frilled lizard (D:2)
  6 kobolds
  3 rats (D:1)
83 creatures vanquished.

Vanquished Creatures (collateral kills)
  An adder (D:4)
  2 hobgoblins (D:4)
3 creatures vanquished.

Grand Total: 86 creatures vanquished

Notes
Turn   | Place    | Note
-------+----------+-------------------------------------------
     0 | D:1      | coolguy69 the Vine Stalker Berserker began the quest for
                  | the Orb.
     0 | D:1      | Reached XP level 1. HP: 11/11 MP: 2/2
   227 | D:1      | Noticed a shining eye
   233 | D:1      | Found a faded altar of an unknown god.
   236 | D:1      | Noticed a shining eye
   240 | D:1      | Noticed a shining eye
   252 | D:1      | Noticed a golden eye
   409 | D:1      | Reached XP level 2. HP: 2/16 MP: 0/3
   807 | D:1      | Reached skill level 3 in Short Blades
  1514 | D:1      | Reached XP level 3. HP: 20/20 MP: 4/4
  1857 | D:2      | Reached ** piety under Trog
  2296 | D:2      | Gained mutation: Your natural rate of healing is unusually
                  | fast. [Vine Stalker growth]
  2296 | D:2      | Reached XP level 4. HP: 22/24 MP: 5/5
  2493 | D:3      | You fall into a shaft and drop 1 floor!
  2508 | D:4      | Found a staircase to the Ecumenical Temple.
  2513 | D:4      | Noticed a necrophage
  2528 | D:4      | Killed a necrophage
  2529 | D:4      | Reached skill level 4 in Short Blades
  2529 | D:4      | Reached XP level 5. HP: 27/28 MP: 6/6
  2607 | D:4      | Found a glowing drain.
  2730 | D:4      | Identified a scroll of acquirement
  2730 | D:4      | Acquired the +0 buckler of the Eternal Void {Int+2}
  2752 | D:4      | Noticed a phantom
  2764 | D:4      | Killed a phantom
  2765 | D:4      | Reached XP level 6. HP: 30/32 MP: 7/7
  2919 | D:4      | Reached skill level 5 in Short Blades
  2931 | D:4      | Reached *** piety under Trog
  3192 | D:5      | Entered Level 5 of the Dungeon
  3202 | D:5      | Reached XP level 7. HP: 22/37 MP: 5/8
  3252 | D:5      | Reached skill level 6 in Short Blades
  3350 | D:5      | Gained mutation: You have razor-sharp teeth. [Vine Stalker
                  | growth]
  3350 | D:5      | Reached XP level 8. HP: 16/42 MP: 2/9
  3831 | D:5      | Found a burning altar of Makhleb.
  3831 | D:5      | Found a radiant altar of Vehumet.
  3934 | D:5      | Found a runed translucent gate.
  3934 | D:5      | Noticed masada555's ghost (amateur MiFi)
  3935 | D:5      | Found a runed translucent gate.
  3936 | D:5      | Found a runed translucent gate.
  4292 | Abyss:1  | Cast into level 1 of the Abyss (kobold)
  4360 | Abyss:1  | Noticed a thrashing horror
  4378 | Abyss:1  | Killed a thrashing horror
  4379 | Abyss:1  | Reached skill level 7 in Short Blades
  4379 | Abyss:1  | Reached skill level 5 in Armour
  4385 | D:5      | Escaped the Abyss
  4386 | D:5      | HP: 1/42 [kobold/+1 short sword of distortion (6)]
  4391 | D:5      | HP: 1/42 [kobold brigand/+1 rapier of venom (5)]
  4393 | D:5      | Slain by a kobold brigand

Illustrated notes

Levels and vault maps discovered:
D:1:      sevenhm_arrival_forest_fort_small_6, layout_basic,
          hellmonk_ecumenical_altar_watching_god, grunt_decor_junction
D:2:      layout_loops_ring, kennysheep_generic_room_12
D:3:      layout_loops_cross, serial_bayou_pond_c, roderic_batcave,
          minmay_divided_ellipse, uniq_sigmund
D:4:      layout_cave_pools, minmay_temple_entry_water_ring,
          gup_sewer_entry_pipe
D:5:      layout_basic, grunt_temple_overflow_lords_of_destruction,
          gammafunk_ghost_nasty_kobolds, interstate_on_off, minmay_manual_mares

Skill      XL: |  1  2  3  4  5  6  7  8 |
---------------+-------------------------+-----
Short Blades   | 3 4 5 6 7 |  7.3
Fighting       | 3 4 |  4.9
Armour         | 2 3 4 5 |  5.4
Dodging        | |  1.6

Action                   |  1- 3 |  4- 6 |  7- 9 || total
-------------------------+-------+-------+-------++-------
Melee: Short sword       |    94 |       |       ||    94
       Bite              |    25 |    35 |    25 ||    85
       Dagger            |    14 |   143 |    91 ||   248
Invok: Berserk           |     1 |     2 |     3 ||     6
       Trog's Hand       |       |       |     1 ||     1
  Use: Scroll            |       |    11 |     6 ||    17
       Potion            |       |       |     2 ||     2
 Stab: Invisible         |       |       |     2 ||     2
Armor: Ring mail         |    33 |    35 |    37 ||   105
       Animal skin       |     2 |       |       ||     2
Dodge: Dodged            |    72 |    58 |    50 ||   180
Block: Buckler           |       |     3 |    20 ||    23

Table legend: (Time is in decaauts)
 A = Elapsed time spent in this place.
 B = Non-inter-level travel time spent in this place.
 C = Inter-level travel time spent in this place.
 D = Time resting spent in this place.
 E = Time spent auto-exploring this place.
 F = Levels seen in this place.
 G = Mean time per level.
                   A        B        C        D        E       F      G
               +--------+--------+--------+--------+--------+-----+--------+
         Total |   4383 |   4319 |     64 |    516 |   3106 |   6 |  730.5 |
       Dungeon |   4285 |   4221 |     64 |    465 |   3090 |   5 |  857.0 |
         Abyss |     97 |     97 |      0 |     50 |     16 |   1 |   97.0 |
               +--------+--------+--------+--------+--------+-----+--------+

Top non-repeatable levels by time:
     D:1: 1552 daAuts
     D:5: 1102 daAuts
     D:2: 914 daAuts
     D:4: 693 daAuts
 Abyss:1: 97 daAuts
     D:3: 23 daAuts
